 Dungeon Crawl Stone Soup version 0.30-a0-458-g86641cc369 (webtiles) character file.

Game seed: 13466764115446213090

85 treertat the Cutter (level 4, 0/29 HPs)
             Began as a Kobold Berserker on Dec 14, 2022.
             Was a Believer of Trog.
             Slain by an ice beast (7 damage)
             ... on level 3 of the Dungeon.
             The game lasted 00:05:14 (1984 turns).

treertat the Cutter (Kobold Berserker)              Turns: 1984, Time: 00:05:15

Health: 0/29       AC:  3    Str: 14    XL:     4   Next: 75%
Magic:  4/4        EV: 15    Int:  8    God:    Trog [**....]
Gold:   147        SH:  0    Dex: 16    Spells: 3/3 levels left

rFire   . . .      SeeInvis .    a - +0 short sword
rCold   . . .      Faith    .    (no shield)
rNeg    . . .      Spirit   .    b - +0 animal skin
rPois   .          Reflect  .    n - +0 helmet
rElec   .          Harm     .    (no cloak)
rCorr   .          Rampage  .    (no gloves)
Will    .....                    (no boots)
Stlth   ++........               (no amulet)
HPRegen 0.24/turn                (no ring)
MPRegen 0.09/turn                (no ring)

@: on berserk cooldown, slowed, very slow
A: small, no large weapons, nightstalker 3
a: Renounce Religion, Berserk, Trog's Hand


You were on level 3 of the Dungeon.
You worshipped Trog.
Trog was pleased with you.
You visited 1 branch of the dungeon, and saw 3 of its levels.

You collected 147 gold pieces.

Inventory:

Hand Weapons
 a - a +0 short sword (weapon)
Missiles
 q - a poisoned dart (quivered)
Armour
 b - a +0 animal skin (worn)
 n - a +0 helmet (worn)
Scrolls
 c - 2 scrolls of torment
 d - a scroll of amnesia
 e - 3 scrolls of teleportation
 g - a scroll of fear {unknown}
 h - a scroll of poison {unknown}
 l - a scroll of acquirement {unknown}
 o - a scroll of immolation {unknown}
Potions
 i - 3 potions of curing {unknown}
 j - a potion of flight
 k - a potion of lignification
 m - a potion of magic


   Skills:
 + Level 4.0 Fighting
 * Level 5.6 Short Blades
 - Level 1.5 Armour
 + Level 3.4 Dodging


You had 3 spell levels left.
You didn't know any spells.
Your spell library was empty.

Dungeon Overview and Level Annotations

Branches:
Dungeon (3/15)

Altars:

Shops:
D:2 =


Innate Abilities, Weirdness & Mutations

You are small and have problems with some larger weapons.
You are completely attuned to the shadows.


Message History

There is a stone staircase leading down here.
A ball python comes into view.
Found a viscous sapphire potion.
You hit the ball python but do no damage.
The ball python barely misses you. The ball python misses you.
You barely miss the ball python. The ball python misses you.
The ball python barely misses you.
You hit the ball python.
You kill the ball python!
Trog accepts your kill.
You see here a ball python corpse.
i - 3 viscous sapphire potions (gained 1)
Your hearing returns.
An ice beast comes into view.
The ice beast hits you. The ice beast freezes you.
The ice beast attacks as you move away! The ice beast closely misses you.
The ice beast attacks as you move away! The ice beast barely misses you.
The ice beast attacks as you move away! The ice beast hits you.
The ice beast freezes you. The ice beast attacks as you move away!
The ice beast barely misses you. The ice beast attacks as you move away!
The ice beast completely misses you. The ice beast attacks as you move away!
The ice beast closely misses you. The ice beast attacks as you move away!
The ice beast hits you but does no damage.
The ice beast attacks as you move away! The ice beast misses you.
Okay, then.
A red film seems to cover your vision as you go berserk!
You feel yourself moving faster!
You feel mighty! The ice beast hits you. The ice beast freezes you.
* * * LOW HITPOINT WARNING * * *
You feel a strong urge to attack something.
You feel your anger nearly subside.
You are no longer berserk.
You are exhausted.
You feel yourself slow down.
There is a stone staircase leading up here.
The ice beast hits you.
* * * LOW HITPOINT WARNING * * *
The ice beast freezes you!
You die...

.###########
....@Y.....#
##########.# #.# #.#
#. #.# #. ##### #.#
#.####...#########.#
#..................#
#..###...####.######


You could see an ice beast.

Vanquished Creatures
  3 adders (D:2)
  2 worms (D:2)
  A dart slug (D:2)
  6 ball pythons
  7 endoplasms
  A giant cockroach (D:1)
  6 goblins
  5 hobgoblins
  2 jackals (D:2)
  3 kobolds
  A quokka (D:2)
  4 bats
  2 frilled lizards (D:2)
  5 rats (D:1)
48 creatures vanquished.

Notes
Turn   | Place    | Note
-------+----------+-------------------------------------------
     0 | D:1      | treertat the Kobold Berserker began the quest for the Orb.
     0 | D:1      | Reached XP level 1. HP: 14/14 MP: 1/1
   107 | D:1      | Reached XP level 2. HP: 19/19 MP: 2/2
   349 | D:1      | Reached XP level 3. HP: 23/23 MP: 3/3
   997 | D:2      | Reached ** piety under Trog
  1001 | D:2      | Reached skill level 5 in Short Blades
  1173 | D:2      | Reached XP level 4. HP: 29/29 MP: 4/4
  1283 | D:2      | Found a faded altar of an unknown god.
  1464 | D:2      | Found Jafer's Jewellery Emporium.
  1953 | D:3      | Noticed an ice beast
  1984 | D:3      | Slain by an ice beast

Illustrated notes

Levels and vault maps discovered:
D:1:      doesnt_arrival_eight_statues, layout_loops_ring, minmay_pentomino_w4
D:2:      layout_basic, serial_shops, shop, ebering_ecumenical_altar_abandoned
D:3:      layout_loops_ring, gup_sewer_entry_spiral, kennysheep_generic_room_14,
          uniq_pargi, uniq_grinder, uniq_sigmund

Skill      XL: |  1  2  3  4 |
---------------+-------------+-----
Dodging        | 3 |  3.4
Short Blades   | 5 |  5.6
Fighting       | 4 |  4.0
Armour         | |  1.5

Action                   |  1- 3 |  4- 6 || total
-------------------------+-------+-------++-------
Melee: Short sword       |   126 |    57 ||   183
       Punch             |       |     2 ||     2
Throw: Dart              |       |     1 ||     1
Invok: Berserk           |     1 |     1 ||     2
  Use: Scroll            |     3 |     4 ||     7
 Stab: Sleeping          |     6 |     2 ||     8
       Distracted        |     1 |       ||     1
Armor: Animal skin       |    15 |     9 ||    24
Dodge: Dodged            |    85 |    36 ||   121

Table legend: (Time is in decaauts)
 A = Elapsed time spent in this place.
 B = Non-inter-level travel time spent in this place.
 C = Inter-level travel time spent in this place.
 D = Time resting spent in this place.
 E = Time spent auto-exploring this place.
 F = Levels seen in this place.
 G = Mean time per level.
                   A        B        C        D        E       F      G
               +--------+--------+--------+--------+--------+-----+--------+
         Total |   1949 |   1908 |     41 |    281 |   1163 |   3 |  649.7 |
       Dungeon |   1949 |   1908 |     41 |    281 |   1163 |   3 |  649.7 |
               +--------+--------+--------+--------+--------+-----+--------+

Top non-repeatable levels by time:
     D:2: 995 daAuts
     D:1: 860 daAuts
     D:3: 94 daAuts
